 Dungeon Crawl Stone Soup version 0.30-a0-49-g1cef19eb02 (webtiles) character file.

Game seed: 16767110867649441087

539 LnG the Chopper (level 7, 0/91 HPs)
             Began as a Hill Orc Fighter on Sept 2, 2022.
             Slain by a gnoll
             ... wielding a +1 halberd of venom
              (9 damage)
             ... on level 4 of the Dungeon.
             The game lasted 00:12:25 (4228 turns).

LnG the Chopper (Hill Orc Fighter)                  Turns: 4228, Time: 00:12:28

Health: 0/91       AC:  8    Str: 21    XL:     7   Next: 26%
Magic:  7/7        EV:  9    Int:  8    God:
Gold:   181        SH:  5    Dex: 10    Spells: 6/6 levels left

rFire   . . .      SeeInvis .    a - +1 war axe (venom)
rCold   . . .      Faith    .    c - +1 buckler
rNeg    . . .      Spirit   .    b - +0 scale mail
rPois   .          Reflect  .    o - +0 helmet
rElec   .          Harm     .    (no cloak)
rCorr   .          Rampage  .    (no gloves)
Will    .....                    (no boots)
Stlth   ..........               (no amulet)
HPRegen 0.25/turn                (no ring)
MPRegen 0.10/turn                (no ring)

@: berserking, lethally poisoned (0 -> -11), very quick
A: no striking features
a: no special abilities


You were on level 4 of the Dungeon.
You visited 1 branch of the dungeon, and saw 4 of its levels.
You also visited: Sewer.

You collected 219 gold pieces.
You spent 38 gold pieces at shops.

Inventory:

Hand Weapons
 a - a +1 war axe of venom (weapon)
Missiles
 t - a boomerang (quivered)
Armour
 b - a +0 scale mail (worn)
 c - a +1 buckler (worn)
 o - a +0 helmet (worn)
Wands
 d - a wand of flame (15)
Scrolls
 e - 2 scrolls of teleportation
 j - 2 scrolls of identify
 m - a scroll of silence
Potions
 f - 2 potions of resistance
 g - 2 potions of heal wounds
 h - 5 potions of curing
 k - a potion of haste {unknown}
 l - 2 potions of invisibility {unknown}
 n - a potion of attraction {unknown}
 q - a potion of lignification {unknown}
 r - a potion of brilliance {unknown}
 s - 3 potions of flight


   Skills:
 + Level 5.0 Fighting
 + Level 6.7 Axes
 + Level 4.9 Armour
 + Level 1.0 Dodging
 + Level 0.2 Stealth
 + Level 4.8 Shields


You had 6 spell levels left.
You didn't know any spells.
Your spell library contained the following spells:

 Spells                   Type           Power      Damage    Failure   Level
 Freeze                   Ice            0%         1d3       82%         1
 Ensorcelled Hibernation  Hex/Ice        0%         N/A       91%         2
 Frozen Ramparts          Ice            0%         1d1       99%         3
 Spider Form              Tmut/Pois      0%         N/A       99%         3
 Anguish                  Hex/Necr       0%         N/A       100%        4
 Hailstorm                Conj/Ice       0%         3d3       100%        4


Dungeon Overview and Level Annotations

Branches:
Dungeon (4/15)              Sewer (visited)
 Temple: D:4-7

Altars:
Yredelemnul

Shops:
D:1 *


Message History

The gnoll closely misses you. x2
You slash the gnoll!
You kill the gnoll!
The gnoll closely misses you.
You hit the gnoll but do no damage.
The gnoll is poisoned.
The gnoll barely misses you. x2
You slash the gnoll!
The gnoll looks as sick as possible!
The gnoll is severely wounded.
The gnoll closely misses you.
The gnoll hits you from afar with a +1 halberd of venom.
You are poisoned.
You closely miss the gnoll.
The gnoll is almost dead.
You feel very sick.
The gnoll hits you from afar with a +1 halberd of venom!
You are more poisoned.
The gnoll barely misses you.
You slash the gnoll!
You kill the gnoll!
You feel very sick. You block the gnoll's attack.
The hobgoblin barely misses you.
The gnoll hits you from afar with a +1 halberd of venom!
You are more poisoned.
You completely miss the hobgoblin.
You feel very sick.
The gnoll hits you from afar with a +1 halberd of venom!
* * * LOW HITPOINT WARNING * * *
The hobgoblin barely misses you.
You hit the hobgoblin.
The hobgoblin is poisoned.
The hobgoblin is heavily wounded.
* * * LOW HITPOINT WARNING * * *
You feel very sick. The gnoll closely misses you.
The hobgoblin barely misses you.
A red film seems to cover your vision as you go berserk!
You feel yourself moving faster!
You feel mighty!
* * * LOW HITPOINT WARNING * * *
You feel very sick.
You kill the hobgoblin!
The gnoll hits you from afar with a +1 halberd of venom!
You die...

**,*******,*,* ##
*,,,,,,,,..#,* *,,******#.#,*
*,,* ***#.#,# *,,* *,,..#.#
*,,* **,##.#.* *,,* *,,,.g.,*
*,,* *,,*#g#** *,,* *,,*#@#
### *,,*
*,,*#.##############.. *>,*
*,,*#..............#..
****,,***,,*#.#######..#####)#
*,,,,,........# #####..# #.)
*,***,###..#### #......# #..
*,* *,* #.,* #......# ###
*,***,**#,,* #......# #..
*,,,,,,,,,,* #......## #..


You could see 2 gnolls.

Vanquished Creatures
  A kobold brigand (Sewer)
  The ghost of LnG the Chopper, a weakling HOFi of Makhleb (D:3)
  3 hounds
  A scorpion zombie (D:3)
  An iguana (D:4)
  An orc wizard (D:4)
  Robin (D:3)
  6 gnolls
  5 adders
  A river rat (Sewer)
  An adder zombie (D:3)
  A worm (D:3)
  3 dart slugs
  8 orcs (D:4)
  8 ball pythons
  5 bats
  3 endoplasms
  10 giant cockroaches
  16 goblins
  8 hobgoblins
  7 jackals
  7 kobolds
  7 quokkas
  4 frilled lizards
  9 rats
118 creatures vanquished.

Notes
Turn   | Place    | Note
-------+----------+-------------------------------------------
     0 | D:1      | LnG the Hill Orc Fighter began the quest for the Orb.
     0 | D:1      | Reached XP level 1. HP: 19/19 MP: 1/1
    28 | D:1      | Found Xuse's Assorted Antiques.
   115 | D:1      | Reached XP level 2. HP: 19/27 MP: 2/2
   128 | D:1      | Reached skill level 3 in Axes
   206 | D:1      | Reached XP level 3. HP: 15/33 MP: 3/3
   980 | D:1      | Bought a viscous green potion for 19 gold pieces
   980 | D:1      | Bought a fizzy clear potion for 19 gold pieces
  1179 | D:2      | Reached XP level 4. HP: 27/40 MP: 4/4
  1203 | D:2      | Reached skill level 4 in Axes
  1859 | D:3      | Reached XP level 5. HP: 39/46 MP: 5/5
  1913 | D:3      | Found a runed translucent gate.
  1913 | D:3      | Found a runed translucent gate.
  1913 | D:3      | Found a runed translucent gate.
  1913 | D:3      | Noticed LnG's ghost (weakling HOFi)
  1915 | D:3      | Found a basalt altar of Yredelemnul.
  1945 | D:3      | Noticed Robin
  1960 | D:3      | Killed Robin
  2058 | D:3      | Reached skill level 5 in Axes
  2096 | D:3      | Found a glowing drain.
  2107 | Sewer    | Entered a sewer
  2112 | Sewer    | Reached XP level 6. HP: 28/53 MP: 6/6
  2539 | Sewer    | Found a white marble altar of Elyvilon.
  3257 | D:3      | Killed LnG's ghost
  3258 | D:3      | Reached skill level 6 in Axes
  3808 | D:4      | Reached XP level 7. HP: 58/60 MP: 7/7
  3983 | D:4      | Reached skill level 1 in Dodging
  3999 | D:4      | Reached skill level 5 in Fighting
  4228 | D:4      | Slain by a gnoll

Illustrated notes

Levels and vault maps discovered:
D:1:      amcnicky_arrival_abandoned_market, layout_loops_ring, serial_shops,
          shop, minmay_heptomino_l4
D:2:      layout_rooms
D:3:      layout_basic, nicolae_yredelemnul_ghost_church, gup_sewer_entry_pipe,
          kennysheep_generic_room_14, uniq_robin
D:4:      minmay_angry_zag, layout_loops_ring

Skill      XL: |  1  2  3  4  5  6  7 |
---------------+----------------------+-----
Axes           | 3 4 5 6 |  6.7
Fighting       | 4 5 |  5.0
Armour         | 4 |  4.9
Shields        | 4 |  4.8
Dodging        | 1 |  1.0
Stealth        | |  0.2

Action                   |  1- 3 |  4- 6 |  7- 9 || total
-------------------------+-------+-------+-------++-------
Melee: War axe           |    88 |   198 |    42 ||   328
  Use: Scroll            |     5 |     8 |     1 ||    14
       Potion            |       |     1 |     1 ||     2
Armor: Scale mail        |    45 |    74 |    17 ||   136
Dodge: Dodged            |    41 |   103 |    26 ||   170
Block: Buckler           |    24 |    69 |    11 ||   104

Table legend: (Time is in decaauts)
 A = Elapsed time spent in this place.
 B = Non-inter-level travel time spent in this place.
 C = Inter-level travel time spent in this place.
 D = Time resting spent in this place.
 E = Time spent auto-exploring this place.
 F = Levels seen in this place.
 G = Mean time per level.
                   A        B        C        D        E       F      G
               +--------+--------+--------+--------+--------+-----+--------+
         Total |   4375 |   4227 |    148 |   1183 |   1592 |   5 |  875.0 |
       Dungeon |   3777 |   3629 |    148 |    856 |   1515 |   4 |  944.2 |
         Sewer |    598 |    598 |      0 |    327 |     76 |   1 |  598.0 |
               +--------+--------+--------+--------+--------+-----+--------+

Top non-repeatable levels by time:
     D:3: 1326 daAuts
     D:1: 1026 daAuts
     D:2: 718 daAuts
     D:4: 706 daAuts
   Sewer: 598 daAuts
